AoeStats
← Franks Sinatra

Arabia

503723979Analyzed
1v1 RM · 29d ago on Sep 2, 2026· 18m 11s· 2 players
Game mode
Random Map
Map size
Tiny (2 player)
Population
200
Speed
Normal
Resources
Standard
Victory
Conquest
Starting age
Dark Age
Ending age
Imperial Age
RankedLock teamsTeams togetherTeam positionsShared explorationLock speedFull tech treeHidden civsTurbo modeCheats
Victory
Defeat
🇺🇸 Franks · United States
883
+16
🇨🇴 Ethiopians · Colombia
883
-16
itan9404
10:05 Loom
12:53 Feudal Age
18:21 Double-Bit Axe
Franks Sinatra
2:58 Loom
3:31 Loom
11:16 Feudal Age
11:43 Double-Bit Axe
16:52 Forging
16:33 Fletching
Connection lost

Rejoining the realm…

Still unreachable

The connection could not be restored.

Session expired

The server has moved on; the page needs a fresh start.